 Dungeon Crawl Stone Soup version 0.28-a0-899-gf2b78a14d2 (webtiles) character file.

Game seed: 9720110939957410005

27205 AvatarAndi78 the Basher (level 13, -7/171 HPs)
             Began as a Pale Draconian Berserker on Nov 23, 2021.
             Was an Elder of Trog.
             Killed from afar by a gargoyle (20 damage)
             ... with a stone arrow
             ... in a volcano.
             The game lasted 00:39:04 (18300 turns).

AvatarAndi78 the Basher (Pale Draconian Berserker) Turns: 18300, Time: 00:39:05

Health: -7/171     AC: 14    Str: 28    XL:     13   Next: 3%
Magic:  13/13      EV: 16    Int: 10    God:    Trog [****..]
Gold:   480        SH: 14    Dex: 17    Spells: 12/12 levels left

rFire   . . .      SeeInvis .   H - +1 eveningstar "Draconian's Regret" {vorpal, Str+6}
rCold   . . .      Faith    .   l - +3 kite shield
rNeg    + . .      Spirit   .   (armour unavailable)
rPois   .          Reflect  .   (helmet restricted)
rElec   .          Harm     .   I - +0 cloak
rCorr   .          Rampage  .   g - +2 pair of gloves
Will    .....                   x - +0 pair of boots
Stlth   ..........              q - amulet of the acrobat
HPRegen 0.38/turn               k - ring of positive energy
MPRegen 0.13/turn               o - ring of flight

@: berserking (expiring), flying, hasted, very quick
A: breathe steam, AC +8, unfitting armour, cold-blooded, steam resistance,
antennae 1, thin skeletal structure 1, clever 1, screaming 1, shaggy fur 1,
strong 1
a: Breathe Steam, Renounce Religion, Berserk, Trog's Hand, Brothers in Arms


You were in a volcano.
You worshipped Trog.
Trog was greatly pleased with you.
You visited 2 branches of the dungeon, and saw 14 of its levels.
You also visited: Ossuary and Volcano.

You collected 1142 gold pieces.
You spent 662 gold pieces at shops.

Inventory:

Hand Weapons
 e - a +1 short sword of speed
 n - a +3 flail of draining
 H - the +1 eveningstar "Draconian's Regret" (weapon) {vorpal, Str+6}
   (You bought it in a shop on level 10 of the Dungeon)

   It inflicts extra damage upon your enemies.
   Str:       It affects your strength (+6).
Armour
 g - a +2 pair of gloves (worn)
 l - a +3 kite shield (worn)
 x - a +0 pair of boots (worn)
 I - a +0 cloak (worn)
Jewellery
 k - a ring of positive energy (left hand)
 o - a ring of flight (right hand)
 q - an amulet of the acrobat (around neck)
 u - an amulet of regeneration
 w - a ring of see invisible
Wands
 a - a wand of polymorph (9)
 c - a wand of paralysis (19)
 h - a wand of flame (43)
 j - a wand of charming (5)
 m - a wand of iceblast (2)
 v - a wand of acid (5)
Scrolls
 b - 3 scrolls of blinking
 d - a scroll of brand weapon
 f - 3 scrolls of fear
 i - 4 scrolls of teleportation
 r - a scroll of magic mapping
 s - a scroll of enchant weapon
 t - 5 scrolls of fog
 y - a scroll of enchant armour
 A - 3 scrolls of identify
 C - a scroll of summoning {unknown}
Potions
 p - 3 potions of heal wounds
 z - 4 potions of ambrosia
 D - 2 potions of curing
 E - a potion of magic


   Skills:
 + Level 10.6 Fighting
 + Level 4.5 Short Blades
 + Level 5.2(9.6) Axes
 + Level 12.4(12.8) Maces & Flails
 + Level 9.5 Dodging
 + Level 5.6 Stealth
 + Level 9.1 Shields
 + Level 3.1 Evocations


You had 12 spell levels left.
You didn't know any spells.
Your spell library was empty.

Dungeon Overview and Level Annotations

Branches:
Dungeon (11/15)            Temple (0/1) D:4            Lair (3/6) D:9
  Swamp (0/4) Lair:2      Ossuary (visited)         Volcano (1/1)
  Snake: Lair:2-4    Spider: Lair:2-4       Orc: D:9-12

Altars:
Ashenzari
Cheibriados
Dithmenos
Gozag
Qazlal
Ru
Uskayaw
The Shining One

Shops:
D:2 (   D:5 (   D:10 **:

Annotations:
D:11 3 runed translucent doors, Stonecrops's ghost, journeyman DsGl


Innate Abilities, Weirdness & Mutations

You can breathe blasts of scalding, opaque steam.
Your pale cyan-grey scales are hard. (AC +8)
You cannot fit into any form of body armour.
You are cold-blooded and may be slowed by cold attacks.
You are immune to the effects of steam.
You have a pair of small antennae on your head.
You have a somewhat thin skeletal structure. (Dex +2, Stealth+)
Your mind is acute. (Int +2)
You occasionally shout uncontrollably at your foes.
You are covered in fur. (AC +1)
Your muscles are strong. (Str +2)


Message History

You tail-slap the skeletal warrior.
The skeletal warrior is severely damaged.
The skeletal warrior hits you with a +0 dire flail of flaming!!
* * * LOW HITPOINT WARNING * * *
The skeletal warrior burns you!
* * * LOW HITPOINT WARNING * * *
You hit the skeletal warrior but do no damage.
The skeletal warrior is severely damaged.
You block the skeletal warrior's attack.
A naga skeleton comes into view.
You sock the skeletal warrior! You tail-slap the skeletal warrior.
You destroy the skeletal warrior!
Trog accepts your kill.
You have reached level 13!
You completely miss the gargoyle.
Your tail-slap misses the gargoyle.
You beat the gargoyle like a drum!!!
You destroy the gargoyle!
Trog accepts your kill.
Things that are here:
a +0 mace; a +0 dire flail of flaming You barely miss the gargoyle.
You hit the gargoyle.
You tail-slap the gargoyle, but do no damage.
The gargoyle is moderately damaged.
You block the gargoyle's attack.
You hit the gargoyle. You tail-slap the gargoyle!
The gargoyle is heavily damaged.
The gargoyle misses you.
You closely miss the gargoyle.
The gargoyle is heavily damaged.
You hit the gargoyle but do no damage.
The gargoyle is heavily damaged.
The gargoyle hurls a stone arrow at you.
You block the stone arrow.
You barely miss the gargoyle.
You tail-slap the gargoyle, but do no damage.
The gargoyle is heavily damaged.
The gargoyle hurls a stone arrow at you.
The stone arrow hits you!!
You die...

##≈§≈≈§§ #. ###≈≈§§≈≈≈ #.
##≈≈≈≈≈≈≈≈8 # #.
##≈≈≈§§≈≈§§≈ #.##Z#
##≈≈≈≈≈≈≈≈≈≈≈ # .....
###§≈≈≈§≈§≈§≈≈≈ ... ..{{
##.#.§§≈≈≈≈§≈≈≈≈
#.#..#Z###.≈...§.§≈§≈≈≈≈≈
#.....Z9@....§≈≈§≈≈≈§≈≈≈≈
#.#..#.###.≈...≈§≈≈≈≈§§≈≈
... ... ##.#...§.≈..≈≈≈≈
# ..... #####......≈..≈
##.∩.# ##........≈ #...
####...... #### ###....
##... ###.


You could see a gargoyle, an anaconda skeleton and a spriggan skeleton.

Vanquished Creatures
  2 hydras
  3 two-headed ogres
  4 death yaks
  A skeletal warrior (Volcano)
  2 bog bodies (Lair:2)
  An ugly thing (D:9)
  5 elephants (Lair:2)
  A gargoyle (Volcano)
  5 black mambas
  2 komodo dragons (Lair:2)
  3 cane toads
  An unseen horror (D:10)
  The ghost of paps the Covert, a novice OpDe of Gozag (D:3)
  A rime drake (Lair:3)
  A troll (D:9)
  2 hornets
  A harpy skeleton (Volcano)
  3 flying skulls (Volcano)
  A meliai zombie (D:11)
  2 shadows
  A wraith (D:9)
  A wyvern (Lair:1)
  37 yaks
  A steam dragon (D:6)
  2 basilisks
  An acid dragon (D:9)
  3 water moccasins
  7 orc warriors
  2 ice beasts
  A sky beast (D:7)
  4 ogres
  A necrophage (D:5)
  6 wolves (Lair:1)
  4 centaurs
  2 phantoms
  2 kobold brigands
  2 bullfrogs
  2 gnoll sergeants
  A wyvern zombie (D:4)
  5 scorpions
  A water moccasin skeleton (D:6)
  22 killer bees
  A wight (D:7)
  8 howler monkeys
  An electric eel (D:11)
  A lava snake (D:8)
  2 centaur zombies
  5 orc priests
  3 hounds (D:5)
  3 jellies
  3 bullfrog skeletons
  Ijyb (D:4)
  3 iguanas
  9 orc wizards
  A killer bee zombie (D:9)
  8 mummies (Ossuary)
  21 gnolls
  6 adders
  2 shadow imps
  3 white imps
  2 worms
  A dart slug (D:1)
  47 orcs
  4 endoplasms
  2 giant cockroaches (D:1)
  4 gnoll zombies (Ossuary)
  5 goblins
  6 hobgoblins
  13 jackals
  4 quokkas
  5 ball pythons
  8 bats
  2 frilled lizards
  2 hobgoblin zombies (Ossuary)
  16 kobolds
  A kobold zombie (Ossuary)
  An orc zombie (Ossuary)
  7 rats
361 creatures vanquished.

Vanquished Creatures (others)
  7 fungi
  16 plants
23 creatures vanquished.

Grand Total: 384 creatures vanquished

Notes
Turn   | Place    | Note
-------+----------+-------------------------------------------
     0 | D:1      | AvatarAndi78 the Draconian Berserker began the quest for
                  | the Orb.
     0 | D:1      | Reached XP level 1. HP: 19/19 MP: 1/1
   190 | D:1      | Reached XP level 2. HP: 26/26 MP: 2/2
   971 | D:1      | Reached XP level 3. HP: 31/33 MP: 3/3
  1373 | D:2      | Found Jiklix's Antique Weapon Boutique.
  1687 | D:2      | Reached ** piety under Trog
  2250 | D:3      | Reached XP level 4. HP: 37/40 MP: 4/4
  2306 | D:3      | Found a faded altar of an unknown god.
  2365 | D:3      | Found a hide-covered altar of Uskayaw.
  2367 | D:3      | Found a broken altar of Ashenzari.
  2369 | D:3      | Found a shadowy altar of Dithmenos.
  2369 | D:3      | Found a sacrificial altar of Ru.
  2369 | D:3      | Found a glowing golden altar of the Shining One.
  2370 | D:3      | Found a stormy altar of Qazlal.
  2416 | D:3      | Found a runed translucent gate.
  2417 | D:3      | Found a runed translucent gate.
  2417 | D:3      | Noticed a kobold brigand
  2418 | D:3      | Found a runed translucent gate.
  2418 | D:3      | Noticed paps's ghost (novice OpDe)
  2551 | D:3      | Found a snail-covered altar of Cheibriados.
  2840 | D:4      | Reached skill level 1 in Stealth
  2840 | D:4      | Reached XP level 5. HP: 17/46 MP: 5/5
  2854 | D:4      | Gained mutation: You are somewhat resistant to further
                  | mutation. [potion of mutation]
  2999 | D:4      | Found a staircase to the Ecumenical Temple.
  3056 | D:4      | Noticed Ijyb
  3081 | D:4      | Killed Ijyb
  3179 | D:4      | Lost mutation: You are somewhat resistant to further
                  | mutation. [potion of mutation]
  3179 | D:4      | Gained mutation: You have hidden genetic potential. [potion
                  | of mutation]
  3179 | D:4      | Gained mutation: You have great hidden genetic potential.
                  | [potion of mutation]
  3179 | D:4      | Gained mutation: You occasionally shout uncontrollably at
                  | your foes. [potion of mutation]
  3179 | D:4      | Gained mutation: Your muscles are strong. (Str +2) [potion
                  | of mutation]
  3470 | D:5      | Entered Level 5 of the Dungeon
  3470 | D:5      | Found Nukuzoo's Weapon Shop.
  3486 | D:5      | Reached skill level 5 in Axes
  3868 | D:5      | Noticed an ogre
  3896 | D:5      | Killed an ogre
  3897 | D:5      | Reached skill level 1 in Short Blades
  3897 | D:5      | Reached XP level 6. HP: 39/53 MP: 6/6
  3900 | D:5      | Gained mutation: Your mind is acute. (Int +2) [hidden
                  | potential]
  4673 | D:5      | Your scales start taking on a pale cyan-grey colour.
  4673 | D:5      | Reached XP level 7. HP: 44/60 MP: 7/7
  4673 | D:5      | Gained mutation: You are immune to the effects of steam.
                  | [Pale Draconian growth]
  4691 | D:5      | Gained mutation: You have a somewhat thin skeletal
                  | structure. (Dex +2, Stealth+) [hidden potential]
  4691 | D:5      | Lost mutation: You have great hidden genetic potential.
                  | [hidden potential expressed]
  4922 | D:5      | Reached skill level 5 in Fighting
  4992 | D:5      | Reached skill level 1 in Evocations
  5730 | D:5      | Reached *** piety under Trog
  6051 | D:5      | Reached skill level 1 in Maces & Flails
  6051 | D:5      | Reached XP level 8. HP: 41/69 MP: 8/8
  6462 | D:6      | Gained mutation: You are covered in fur. (AC +1) [hidden
                  | potential]
  6601 | D:6      | Reached skill level 2 in Maces & Flails
  6688 | D:6      | Reached skill level 5 in Dodging
  6731 | D:6      | Reached skill level 3 in Maces & Flails
  7006 | D:6      | Reached skill level 1 in Shields
  7014 | D:6      | Reached skill level 4 in Maces & Flails
  7429 | D:7      | Reached skill level 5 in Maces & Flails
  7429 | D:7      | Reached XP level 9. HP: 64/75 MP: 9/9
  7524 | D:7      | Gained mutation: You have a pair of small antennae on your
                  | head. [hidden potential]
  7524 | D:7      | Lost mutation: You have hidden genetic potential. [hidden
                  | potential expressed]
  7895 | D:7      | Reached skill level 6 in Maces & Flails
  8219 | D:7      | Reached skill level 7 in Maces & Flails
  8826 | D:8      | Reached XP level 10. HP: 86/86 MP: 10/10
  8941 | D:8      | Found a sand-covered staircase.
  8946 | Ossuary  | Entered an ossuary
  8963 | Ossuary  | Reached **** piety under Trog
  9785 | D:9      | Noticed a brown ugly thing
  9795 | D:9      | Killed a brown ugly thing
  9796 | D:9      | Reached skill level 8 in Maces & Flails
 10239 | D:9      | Noticed a death yak
 10305 | D:9      | Noticed a death yak
 10306 | D:9      | Found a staircase to the Lair.
 10306 | D:9      | Noticed a death yak
 10320 | D:9      | Killed a death yak
 10322 | D:9      | Killed a death yak
 10323 | D:9      | Reached skill level 5 in Shields
 10331 | D:9      | Killed a death yak
 10332 | D:9      | Reached skill level 9 in Maces & Flails
 10674 | D:9      | Reached XP level 11. HP: 71/95 MP: 11/11
 11006 | D:9      | Found an opulent altar of Gozag.
 11241 | D:10     | Entered Level 10 of the Dungeon
 11440 | D:10     | Found Mant's Book Shoppe.
 11474 | D:10     | Found Ciuxaph's Assorted Antiques.
 11498 | D:10     | Noticed a two-headed ogre
 11500 | D:10     | Reached ***** piety under Trog
 11507 | D:10     | Killed a two-headed ogre
 11516 | D:10     | Bought a scroll of identify for 50 gold pieces
 11516 | D:10     | Bought a shimmering eveningstar for 500 gold pieces
 11516 | D:10     | Identified the +1 eveningstar "Draconian's Regret" {vorpal,
                  | Str+6} (You bought it in a shop on level 10 of the Dungeon)
 11516 | D:10     | Bought a cloak for 112 gold pieces
 12270 | D:10     | Found Huthol's Assorted Antiques.
 12386 | D:10     | Noticed a two-headed ogre
 12397 | D:10     | Killed a two-headed ogre
 13145 | D:11     | Found a runed translucent gate.
 13146 | D:11     | Found a runed translucent gate.
 13146 | D:11     | Found an opulent altar of Gozag.
 13146 | D:11     | Found a runed translucent gate.
 13146 | D:11     | Noticed a deep elf pyromancer
 13149 | D:11     | Noticed Stonecrops's ghost (journeyman DsGl)
 13383 | D:11     | Reached skill level 10 in Maces & Flails
 13421 | D:11     | Noticed a two-headed ogre
 13432 | D:11     | Killed a two-headed ogre
 13901 | D:11     | Noticed a death yak
 13907 | D:11     | Killed a death yak
 14114 | D:11     | Noticed an eight-headed hydra
 14120 | D:11     | Killed an eight-headed hydra
 14121 | D:11     | Reached skill level 11 in Maces & Flails
 14121 | D:11     | Reached XP level 12. HP: 105/105 MP: 12/12
 14817 | D:3      | Killed paps's ghost
 15101 | Lair:1   | Entered Level 1 of the Lair of Beasts
 16419 | Lair:2   | Found a staircase to the Swamp.
 16429 | Lair:2   | HP: 1/106 [bog body/bolt of cold (14)]
 16672 | Lair:2   | Reached skill level 5 in Stealth
 16825 | Lair:2   | Reached skill level 10 in Fighting
 17972 | Lair:3   | Noticed a six-headed hydra
 17981 | Lair:3   | Killed a six-headed hydra
 17982 | Lair:3   | Reached skill level 12 in Maces & Flails
 18109 | Lair:3   | Found a dark tunnel.
 18119 | Volcano  | Entered a volcano
 18292 | Volcano  | Reached XP level 13. HP: 11/114 MP: 13/13
 18300 | Volcano  | Killed from afar by a gargoyle

Illustrated notes

Levels and vault maps discovered:
D:1:      dpeg_arrival_fog, layout_basic, serial_bayou, serial_bayou_pond_c,
          serial_bayou_lake_a, serial_bayou_lagoon_b, serial_bayou_pond_c,
          minmay_statues_item, chequers_avenue, minmay_misc_feat_alley,
          minivault_14
D:2:      layout_basic, serial_shops, shop, corexii_corridor_pit, dk_vineyard_2,
          grunt_decor_mini_mirrors, serial_bayou_pond_e
D:3:      layout_rooms, grunt_temple_overflow_open,
          gammafunk_ghost_nasty_kobolds, ebering_ecumenical_altar_mist
D:4:      layout_basic, temple_pool_b, uniq_ijyb
D:5:      lemuel_castle_with_subvaults [lemuel_castle_interior_carwin_3],
          layout_loops_corners, serial_shops, shop
D:6:      layout_cave_pools, grunt_tough_drop
D:7:      layout_gridville, minmay_increasing_density
D:8:      layout_gridville, enter_ossuary_2, grunt_decor_junction
D:9:      layout_gridville, nicolae_gozag_cash_rules_everything_around_me,
          dpeg_lair_monsters, grunt_ministairs_2
D:10:     layout_layer_cave, serial_shops, shop, nicolae_shop_hallway_plus,
          shop, kennysheep_generic_room_10
D:11:     argonaut_augean_stables, layout_layer_cave, ebering_ghost_gozag
Lair:1:   layout_roguey, infiniplex_staircase_pool_2, grunt_megastairs_4
Lair:2:   layout_layer_cave, skrybe_swamp_entry_bodies
Lair:3:   layout_loops_ring, enter_volcano_2, chequers_serial_rivers_small_3
Volcano:  volcano_tomb [vts_chambers]

Skill      XL: |  1  2  3  4  5  6  7  8  9 10 11 12 |
---------------+-------------------------------------+-----
Dodging        | 3 4 5 6 7 8 9 |  9.5
Axes           | 4 5 |  5.2
Fighting       | 4 5 6 7 8 9 10 | 10.6
Stealth        | 1 2 3 4 5 |  5.6
Short Blades   | 1 2 4 |  4.5
Evocations     | 1 2 3 |  3.1
Maces & Flails | 1 5 7 9 11 12 | 12.4
Shields        | 1 3 5 7 9 |  9.1

Action                   |  1- 3 |  4- 6 |  7- 9 | 10-12 | 13-15 || total
-------------------------+-------+-------+-------+-------+-------++-------
Melee: Hand axe          |   125 |    38 |       |       |       ||   163
       Tailslap          |    21 |    27 |    53 |    85 |     3 ||   189
       Short sword       |       |   119 |   127 |       |       ||   246
       Flail             |       |       |   193 |   163 |       ||   356
       Eveningstar       |       |       |       |   387 |     8 ||   395
Invok: Berserk           |       |     2 |     1 |     6 |       ||     9
       Trog's Hand       |       |     1 |     3 |     9 |       ||    13
       Brothers in Arms  |       |       |       |     1 |       ||     1
 Abil: Breathe Steam     |       |       |     4 |    25 |       ||    29
Evoke: Wand              |       |     2 |     2 |    11 |       ||    15
  Use: Scroll            |       |     8 |     4 |    12 |       ||    24
       Potion            |       |     6 |     1 |     6 |       ||    13
 Stab: Sleeping          |     2 |       |     2 |    14 |       ||    18
       Distracted        |       |       |     2 |       |       ||     2
Armor: Skin              |    33 |    60 |   107 |   180 |       ||   380
Dodge: Dodged            |    74 |    70 |   213 |   325 |     1 ||   683
Block: Kite shield       |       |       |    73 |   421 |     2 ||   496

Table legend: (Time is in decaauts)
 A = Elapsed time spent in this place.
 B = Non-inter-level travel time spent in this place.
 C = Inter-level travel time spent in this place.
 D = Time resting spent in this place.
 E = Time spent auto-exploring this place.
 F = Levels seen in this place.
 G = Mean time per level.
                   A        B        C        D        E       F      G
               +--------+--------+--------+--------+--------+-----+--------+
         Total |  18505 |  17449 |   1056 |      0 |  14547 |  16 | 1156.6 |
       Dungeon |  15247 |  14312 |    935 |      0 |  12042 |  11 | 1386.1 |
          Lair |   2905 |   2784 |    121 |      0 |   2312 |   3 |  968.3 |
       Ossuary |    178 |    178 |      0 |      0 |    115 |   1 |  178.0 |
       Volcano |    174 |    174 |      0 |      0 |     78 |   1 |  174.0 |
               +--------+--------+--------+--------+--------+-----+--------+

Top non-repeatable levels by time:
     D:5: 3100 daAuts
    D:10: 1817 daAuts
  Lair:1: 1749 daAuts
    D:11: 1646 daAuts
     D:9: 1572 daAuts
     D:1: 1414 daAuts
     D:7: 1378 daAuts
     D:8: 1166 daAuts
  Lair:2: 970 daAuts
     D:2: 890 daAuts
     D:4: 775 daAuts
     D:6: 750 daAuts
     D:3: 736 daAuts
  Lair:3: 185 daAuts
 Ossuary: 178 daAuts
